 Dungeon Sprint DCSS version 0.19.0-22-gd96e5fe (webtiles) character file.

996 equalderp2856 the Gouger (level 7, -9/37 HPs)
             Began as a Felid Fighter on Nov 18, 2016.
             Mangled by a deep troll (17 damage)
             ... in the Dungeon (Sprint I: "Red Sonja").
             The game lasted 00:03:21 (1047 turns).

equalderp2856 the Gouger (Felid Fighter)            Turns: 1047, Time: 00:03:22

Health: -9/37      AC:  2    Str: 13    XL:     7   Next: 99%
Magic:  8/8        EV: 26    Int: 10    God:
Gold:   413        SH:  0    Dex: 16    Spells: 0 memorised, 6 levels left
                                        Lives:  0   Deaths: 2

rFire  . . .     SeeInvis +       - Unarmed
rCold  . . .     Gourm    .     (armour unavailable)
rNeg   . . .     Faith    .     (shield unavailable)
rPois  .         Spirit   .     (helmet unavailable)
rElec  .         Reflect  .     (cloak unavailable)
rCorr  .         Harm     .     (gloves unavailable)
MR     +....     NoTele   +     (boots unavailable)
Stlth  ++++++....               (no amulet)
                                (no ring)
                                (no ring)

@: lethally poisoned (-9 -> -66), slowed, slow
A: no armour, no weapons or thrown items, stealth, claws 1, fangs 3, see
invisible, carnivore 3, speed 1, shaggy fur 2, slow metabolism 1, sharp paws
a: no special abilities


You were in the Dungeon.
You were not hungry.

You visited 1 branch You collected 413 gold pieces.

Inventory:

Scrolls
 h - a scroll of blinking
 i - a scroll of magic mapping {unknown}
 j - a scroll of enchant weapon {unknown}
Potions
 a - a potion of might
 c - a potion of curing
 e - a potion of haste
 f - 2 potions of magic
Comestibles
 b - a meat ration


   Skills:
 + Level 8.2 Fighting
 + Level 10.8 Dodging
 * Level 13.2 Stealth
 + Level 14.0 Unarmed Combat


You had 6 spell levels left.
You didn't know any spells.

Dungeon Overview and Level Annotations

Branches:
Dungeon (1/1)

Altars:
Cheibriados
Dithmenos
Elyvilon
Fedhas
Gozag
Hepliaklqana
Kikubaaqudgha
Makhleb
Nemelex Xobeh
Okawaru
Qazlal
Ru
Sif Muna
Trog
Uskayaw
Vehumet
Xom
Yredelemnul
Zin
The Shining One
Jiyva
Lugonu

Shops:
D [

Annotations:
D Sonja


Innate Abilities, Weirdness & Mutations

You cannot wear armour.
You are incapable of wielding weapons or throwing items.
Your paws allow you to move quietly. (Stealth)
You have sharp claws.
You have razor-sharp teeth.
You have supernaturally acute eyesight. (SInv)
You are carnivorous and can eat meat at any time.
You cover ground quickly.
You are covered in thick fur. (AC +2)
You have a slow metabolism.
Your sharp claws are effective at attacking unaware monsters.


Message History

You are lethally poisoned!
You miss Sonja.
You feel very sick. Sonja completely misses you.
Sonja hits you but does no damage.
You are more poisoned.
Sonja closely misses you. x2
Sonja hits you with an uncursed dagger of venom.
You are more poisoned.
Sonja hits you with an uncursed dagger of venom.
You are more poisoned.
You claw Sonja!
Sonja is moderately wounded.
* * * LOW HITPOINT WARNING * * *
You feel very sick. Sonja hits you but does no damage.
You are more poisoned.
Sonja hits you with an uncursed dagger of venom.
* * * LOW HITPOINT WARNING * * *
Sonja misses you. The deep troll bites you!
You die...

#..#####'#####'#__####)..+
#..####..#...#.####§.#####
#..#__####..##.#≈≈§§§#§
#..#_____##'#.('≈≈§§.§§
#⌠⌠#_.∩...'.(._#§§§..#§
####_..__##_.#'##'####
#_____###(#.# ![[
#########.####§###
+$@T'..... #$K$######
##.## #+#


You could see a deep troll and Sonja.

Vanquished Creatures
  A centaur warrior (D)
  2 kobold demonologists (D)
  A slime creature (D)
  Sigmund (D)
  A yak (D)
  A floating eye (D)
  An ogre (D)
  A jelly (D)
  Ijyb (D)
10 creatures vanquished.

Notes
Turn   | Place    | Note
-------+----------+-------------------------------------------
     0 | D        | equalderp2856 the Felid Fighter began the quest for the Orb.
     0 | D        | Reached XP level 1. HP: 10/10 MP: 2/2
     2 | D        | Noticed Ijyb
    10 | D        | Killed Ijyb
    10 | D        | Reached skill level 5 in Dodging
    10 | D        | Reached skill level 1 in Stealth
    10 | D        | Reached skill level 5 in Unarmed Combat
    10 | D        | Reached XP level 2. HP: 13/15 MP: 3/3
    13 | D        | Noticed an ogre
    20 | D        | Killed an ogre
    20 | D        | Reached skill level 7 in Unarmed Combat
    20 | D        | Reached XP level 3. HP: 3/18 MP: 4/4
    20 | D        | Reached XP level 4. HP: 4/22 MP: 5/5
   275 | D        | Noticed Sigmund
   278 | D        | Killed Sigmund
   278 | D        | Reached skill level 5 in Fighting
   278 | D        | Reached skill level 9 in Unarmed Combat
   278 | D        | Reached XP level 5. HP: 27/27 MP: 6/6
   278 | D        | Gained mutation: You are covered in thick fur. (AC +2) [Felid growth]
   278 | D        | Reached XP level 6. HP: 31/31 MP: 7/7
   292 | D        | Found a deep blue altar of Sif Muna.
   294 | D        | Found a radiant altar of Vehumet.
   298 | D        | Reached skill level 10 in Unarmed Combat
   308 | D        | Found a burning altar of Makhleb.
   308 | D        | Found a viscous altar of Jiyva.
   308 | D        | Found a shimmering altar of Xom.
   308 | D        | Found a corrupted altar of Lugonu.
   308 | D        | Noticed a slime creature
   313 | D        | Killed a slime creature
   313 | D        | Reached skill level 11 in Unarmed Combat
   350 | D        | Noticed Sonja
   354 | D        | Found Yvuof's Armour Emporium.
   354 | D        | Found an ancient bone altar of Kikubaaqudgha.
   354 | D        | Found a hazy altar of Hepliaklqana.
   354 | D        | Found a stormy altar of Qazlal.
   354 | D        | Found a hide-covered altar of Uskayaw.
   354 | D        | Found a blossoming altar of Fedhas.
   354 | D        | Found a bloodstained altar of Trog.
   354 | D        | Found an iron altar of Okawaru.
   354 | D        | Found a basalt altar of Yredelemnul.
   354 | D        | Found a glowing golden altar of the Shining One.
   354 | D        | Found a snail-covered altar of Cheibriados.
   354 | D        | Found a sacrificial altar of Ru.
   354 | D        | Found a glowing silver altar of Zin.
   354 | D        | Found a shadowy altar of Dithmenos.
   354 | D        | Found a white marble altar of Elyvilon.
   354 | D        | Noticed a yak
   366 | D        | Killed a yak
   366 | D        | Reached XP level 7. HP: 18/36 MP: 8/8
   367 | D        | Found an opulent altar of Gozag.
   368 | D        | Found a sparkling altar of Nemelex Xobeh.
   628 | D        | Noticed a kobold demonologist
   629 | D        | Noticed a kobold demonologist
   631 | D        | Reached skill level 10 in Stealth
   631 | D        | Reached skill level 12 in Unarmed Combat
   651 | D        | Killed a kobold demonologist
   780 | D        | Killed a kobold demonologist
   780 | D        | Reached skill level 10 in Dodging
   780 | D        | Reached skill level 13 in Unarmed Combat
   780 | D        | Reached XP level 8. HP: 40/40 MP: 9/9
   818 | D        | Noticed a centaur warrior
   820 | D        | Noticed a centaur warrior
   841 | D        | Slain by a centaur warrior
   842 | D        | Reached XP level 7. HP: 0/54 MP: 8/8
   843 | D        | Shot with an arrow by a centaur warrior
   844 | D        | Reached XP level 6. HP: -4/33 MP: 7/7
   852 | D        | Killed a centaur warrior
   852 | D        | Reached skill level 14 in Unarmed Combat
   852 | D        | Reached XP level 7. HP: 16/37 MP: 8/8
  1044 | D        | Noticed a deep troll
  1047 | D        | Mangled by a deep troll

Skill      XL: |  1  2  3  4  5  6  7 |
---------------+----------------------+-----
Dodging        | 5 6 7 9 10 | 10.8
Stealth        | 1 4 6 13 11 | 13.2
Unarmed Combat | 5 7 9 14 13 | 14.0
Fighting       | 4 5 8 |  8.2

Action                   |  1- 3 |  4- 6 |  7- 9 || total
-------------------------+-------+-------+-------++-------
Melee: Unarmed           |    11 |    22 |    27 ||    60
       Punch             |     1 |     2 |     3 ||     6
       Bite              |       |     2 |       ||     2
  Use: Potion            |       |       |     2 ||     2
 Stab: Sleeping          |     2 |     3 |     2 ||     7
Armor: Skin              |       |       |     2 ||     2
Dodge: Dodged            |     6 |     8 |    37 ||    51
